 Dungeon Crawl Stone Soup version 0.17.0-1-g61d176b (console) character file.

78 gw the Chiller (level 4, -3/33 HPs)
             Began as a Mummy Ice Elementalist on Nov 8, 2015.
             Slain by Drakale's ghost (7 damage)
             ... on level 4 of the Dungeon.
             The game lasted 00:03:00 (3353 turns).

gw the Chiller (Mummy Ice Elementalist)             Turns: 3353, Time: 00:03:00

Health: -3/33      AC:  4    Str: 11    XL:     4   Next: 15%
Magic:  5/7        EV: 11    Int: 15    God:
Gold:   159        SH:  0    Dex: 12    Spells: 1 memorised, 6 levels left

rFire  x . .     SeeInvis .     a - +0 club
rCold  + . .     Clarity  .     e - +0 leather armour
rNeg   + + +     SustAt   .     (no shield)
rPois  ∞         Gourm    .     (no helmet)
rElec  .         Spirit   .     d - +0 cloak
rCorr  .         Warding  .     (no gloves)
rMut   .         Stasis   .     (no boots)
MR     .....                    (no amulet)
Stlth  +.........               (no ring)
                                (no ring)

@: very slightly contaminated, not resistant to hostile enchantments, very
unstealthy
A: no food or potions, fire vulnerability, cold resistance 1, negative energy
resistance 3, torment resistance, unbreathing
a: no special abilities


You were on level 4 of the Dungeon.
You were not hungry.

You visited 1 branch of the dungeon, and saw 4 of its levels.

You collected 159 gold pieces.

Inventory:

Hand Weapons
 a - a +0 club (weapon)
Armour
 d - a +0 cloak (worn)
 e - a +0 leather armour (worn)
Books
 b - a book of Frost

   Spells                             Type                      Level
   a - Freeze                         Ice                          1
   b - Throw Frost                    Conjuration/Ice              2
   c - Ozocubu's Armour               Charms/Ice                   3
   d - Throw Icicle                   Conjuration/Ice              4
   e - Summon Ice Beast               Ice/Summoning                4
   f - Condensation Shield            Ice                          4


   Skills:
 * Level 2.2 Fighting
 + Level 1.2 Maces & Flails
 + Level 1.2 Armour
 - Level 1.5 Dodging
 - Level 1.5 Stealth
 + Level 2.3 Spellcasting
   Level 0.7 Conjurations
 - Level 2.4 Ice Magic


You had 6 spell levels left.
You knew the following spells:

 Your Spells              Type           Power        Failure   Level  Hunger
a - Freeze                Ice            #...         12%         1    N/A

Dungeon Overview and Level Annotations

Branches:
Dungeon (4/15)
 Temple: D:4-7

Altars:
Ashenzari
Ru

Annotations:
D:4 Drakale's ghost, amateur TeMo


Innate Abilities, Weirdness & Mutations

You do not eat or drink.
Your flesh is vulnerable to fire.
You are immune to poison.
Your flesh is cold resistant.
You are immune to negative energy.
You are immune to unholy pain and torment.
You can survive without breathing.


Message History

Unknown command.
Unknown command.
Casting: Freeze
Confirm with . or Enter, or press ? or * to list all spells.
Aiming: Freeze
Press: ? - help, Shift-Dir - straight line, f/p - Drakale's ghost
Aim: Drakale's ghost (lightly damaged)
You miscast Freeze.
You are very lightly contaminated with residual magic.
Nothing appears to happen.
Drakale's ghost hits you but does no damage.
Casting: Freeze
Confirm with . or Enter, or press ? or * to list all spells.
Aiming: Freeze
Press: ? - help, Shift-Dir - straight line, f/p - Drakale's ghost
Aim: Drakale's ghost (lightly damaged)
You freeze Drakale's ghost.
Drakale's ghost is moderately damaged.
Drakale's ghost hits you!
You die...

.. #..#.......##
#.....#..#.......##
#....##..#........
#....##..#........
#........#
#........#
#....##..#
###'####..#
#..M(.....#
#..W......#
#.........#
##..####### #..#
.....# ......#
......>.# ........#


You could see Drakale's ghost.

Table legend:
 A = Turns spent in this place as a percentage of turns spent in the entire game.
 B = Non-inter-level travel turns spent in this place as a percentage of non-inter-level travel turns spent in the entire game.
 C = Inter-level travel turns spent in this place as a percentage of turns spent in this place.
 D = Turns resting spent in this place as a percentage of non-inter-level travel turns spent in this place.
 E = Turns spent auto-exploring this place as a percentage of non-inter-level travel turns spent in this place.
 F = Non-inter-level travel turns spent in this place divided by the number of levels of this place that you've seen.
                   A       B       C       D       E      F
               +-------+-------+-------+-------+-------+----------------------
         Total | 100.0 | 100.0 |   0.1 |   2.5 |   2.6 | 1101.0
       Dungeon | 100.0 | 100.0 |   0.1 |   2.5 |   2.6 | 1101.0
               +-------+-------+-------+-------+-------+----------------------

Table legend:
 A = Kills in this place as a percentage of kills in entire the game.
 B = Kills by you in this place as a percentage of kills by you in the entire game.
 C = Kills by friends in this place as a percentage of kills by friends in the entire game.
 D = Other kills in this place as a percentage of other kills in the entire game.
 E = Experience gained in this place as a percentage of experience gained in the entire game.
 F = Experience gained in this place divided by the number of levels of this place that you have seen.
                   A       B       C       D       E      F
               +-------+-------+-------+-------+-------+----------------------
         Total | 100.0 | 100.0 |  -nan |  -nan | 100.0 |  28.0
       Dungeon | 100.0 | 100.0 |  -nan |  -nan | 100.0 |  28.0
               +-------+-------+-------+-------+-------+----------------------

Vanquished Creatures
  A worker ant zombie (D:4)
  3 adders (D:2)
  4 giant geckos
  6 bats
  5 hobgoblins
  4 kobolds
  2 quokkas
  A giant cockroach (D:3)
  4 giant newts
  5 goblins
  6 rats
41 creatures vanquished.

Notes
Turn   | Place    | Note
--------------------------------------------------------------
     0 | D:1      | gw the Mummy Ice Elementalist began the quest for the Orb.
     0 | D:1      | Reached XP level 1. HP: 13/13 MP: 3/3
   344 | D:1      | Reached skill level 1 in Fighting
   419 | D:1      | Reached XP level 2. HP: 21/21 MP: 3/5
  1344 | D:2      | Reached XP level 3. HP: 16/26 MP: 0/6
  1498 | D:2      | Reached skill level 1 in Armour
  1575 | D:2      | Found a shattered altar of Ashenzari.
  1893 | D:2      | Reached skill level 1 in Maces & Flails
  2178 | D:3      | Found a faded altar to an unknown god.
  2366 | D:3      | Found a sacrificial altar of Ru.
  3082 | D:4      | Reached XP level 4. HP: 18/33 MP: 0/7
  3304 | D:4      | Noticed Drakale's ghost (amateur TeMo)
  3353 | D:4      | Slain by Drakale's ghost

Action                   |  1- 3 |  4- 6 || total
-------------------------+-------+-------++-------
Melee: Club              |    11 |       ||    11
 Cast: Freeze            |    80 |     4 ||    84

Vault maps used:
D:1:      minmay_arrival_widening_spiral_wide
D:2:      grunt_ashenzari_visionary
D:3:      nicolae_ru_sacrificial_ziggurat, ecumenical_altar_1,
          serial_bayou_pond_c
D:4:      grunt_temple_overflow_opulence, serial_undead, serial_undead_e,
          serial_undead_c, serial_undead_e, serial_undead_b, first_bread
